 Dungeon Crawl Stone Soup version 0.27-a0-1312-g5cdb2b3542 (webtiles) character file.

Game seed: 8319082820514828121

5621 hatdisgam the Chiller (level 10, -3/74 HPs)
             Began as a Demonspawn Ice Elementalist on June 21, 2021.
             Was a Follower of Makhleb.
             Slain by a thrashing horror (5 damage)
             ... on level 2 of the Abyss.
             The game lasted 00:20:08 (11200 turns).

hatdisgam the Chiller (DsIE)                       Turns: 11200, Time: 00:20:09

Health: -3/74      AC:  9    Str:  9    XL:     10   Next: 45%
Magic:  0/23       EV: 13    Int: 20    God:    Makhleb [*.....]
Gold:   214        SH:  0    Dex: 13    Spells: 3/14 levels left

rFire    . . .     SeeInvis .   p - +1 war axe (vorpal)
rCold    + . .     Faith    .   (no shield)
rNeg     . . .     Spirit   +   H - +1 leather armour of Atiruwn {rC+ rCorr Stlth+}
rPois    .         Reflect  .   (helmet restricted)
rElec    .         Harm     .   t - +0 cloak
rCorr    +         Rampage  .   (no gloves)
Will     .....                  (no boots)
Stlth    +++.......             (no amulet)
HPRegen  0.22/turn              r - ring of magical power
MPRegen  0.36/turn              G - +4 ring of protection

@: no status effects
A: horns 1, ignite blood 1, magic shield, magic regeneration, sturdy frame 2
a: Renounce Religion


You were on level 2 of the Abyss.
You worshipped Makhleb.
Makhleb was aware of your devotion.
You visited 2 branches of the dungeon, and saw 10 of its levels.
You visited the Abyss 1 time.

You collected 384 gold pieces.
You spent 170 gold pieces at shops.

Inventory:

Hand Weapons
 b - a +0 dagger
 f - a +3 battleaxe
 p - a +1 vorpal war axe (weapon)
 s - a +3 quarterstaff of chaos
 w - a +0 whip of freezing
 z - a +2 dire flail of draining
Missiles
 c - a throwing net
 j - 5 boomerangs of dispersal
 I - 8 curare-tipped darts
Armour
 a - a +0 robe
 t - a +0 cloak (worn)
 H - the +1 leather armour of Atiruwn (worn) {rC+ rCorr Stlth+}
   (You found it on level 8 of the Dungeon)

   It protects you from cold.
   It protects you from acid and corrosion.
   It makes you more stealthy.
Jewellery
 r - a ring of magical power (left hand)
 v - a +6 ring of dexterity
 B - a ring of poison resistance
 G - a +4 ring of protection (right hand)
Wands
 y - a wand of iceblast (23)
 A - a wand of flame (23)
 C - a wand of acid (7)
Scrolls
 d - 2 scrolls of fear {unknown}
 e - a scroll of magic mapping {unknown}
 i - 2 scrolls of fog {unknown}
 k - a scroll of vulnerability {unknown}
 m - 2 scrolls of amnesia {unknown}
 n - a scroll of torment {unknown}
 o - a scroll of enchant armour
 q - a scroll of summoning
 u - 2 scrolls of blinking
 J - a scroll of noise {unknown}
Potions
 g - a potion of curing
 h - a potion of magic {unknown}
 l - 2 potions of attraction
 x - a potion of ambrosia {unknown}
 D - a potion of haste {unknown}
 E - a potion of flight {unknown}


   Skills:
 - Level 5.5 Fighting
 * Level 1.0 Axes
 + Level 3.6 Dodging
 - Level 1.7 Stealth
 + Level 2.8 Spellcasting
 - Level 7.5 Conjurations
 - Level 6.9 Fire Magic
 - Level 7.7 Ice Magic
 - Level 4.2 Air Magic


You had 3 spell levels left.
You knew the following spells:

 Your Spells              Type           Power      Damage    Failure   Level
a - Freeze                Ice            100%       1d11      1%          1
b - Frozen Ramparts       Ice            66%        1d8       1%          3
c - Mephitic Cloud        Conj/Pois/Air  18%        N/A       9%          3
d - Sticky Flame          Conj/Fire      31%        2d5       8%          4

Your spell library contained the following spells:

 Spells                   Type           Power      Damage    Failure   Level
 Foxfire                  Conj/Fire      100%       2x1d9     1%          1
 Magic Dart               Conj           100%       1d8       1%          1
 Ozocubu's Armour         Ice            33%        N/A       1%          3
 Conjure Flame            Conj/Fire      31%        6-21      2%          3
 Poisonous Vapours        Pois/Air       22%        N/A       9%          2
 Inner Flame              Hex/Fire       16%        N/A       11%         3
 Blink                    Tloc           N/A        N/A       22%         2
 Call Imp                 Summ           2%         N/A       22%         2
 Slow                     Hex            2%         N/A       22%         2
 Hailstorm                Conj/Ice       33%        3d8       6%          4
 Fireball                 Conj/Fire      15%        3d8       21%         5
 Freezing Cloud           Conj/Ice/Air   14%        6-21      28%         5
 Metabolic Englaciation   Hex/Ice        9%         N/A       63%         5
 Irradiate                Conj/Tmut      8%         3d16      65%         5
 Blade Hands              Tmut           1%         N/A       99%         5
 Statue Form              Tmut/Erth      1%         N/A       100%        6
 Dragon Form              Tmut           1%         N/A       100%        7
 Storm Form               Tmut/Air       5%         N/A       100%        7


Dungeon Overview and Level Annotations

Branches:
Dungeon (9/15)             Temple (1/1) D:4
   Lair: D:8-11         Orc: D:9-12

Altars:
Ashenzari
Cheibriados
Dithmenos
Elyvilon
Fedhas
Gozag
Hepliaklqana
Kikubaaqudgha
Makhleb
Nemelex Xobeh
Okawaru
Ru
Sif Muna
Trog
Uskayaw
Vehumet
Wu Jian
Xom
Yredelemnul
Zin
The Shining One

Shops:
D:5 *   D:6 (

Annotations:
D:9 Erolcha


Innate Abilities, Weirdness & Mutations

You have a pair of small horns on your head.
Your demonic aura sometimes causes spilled blood to erupt in flames.
When hurt, damage is shared between your health and your magic reserves.
You regenerate magic rapidly.
Your movements are less encumbered by armour. (ER -4)


Message History

The shadow imp shouts!
The thrashing horror burns!
The thrashing horror tramples you!
* * * LOW HITPOINT WARNING * * *
You stumble backwards!
Unknown command.
The thrashing horror burns! x2; The thrashing horror stops burning.
The thrashing horror tramples you but does no damage.
The thrashing horror closely misses you.
The shadow imp shouts, "Return whence thou came, thou venomed moldwarp gonus!"
The thrashing horror roars!
The thrashing horror burns!
The thrashing horror stops burning.
The thrashing horror tramples you.
* * * LOW HITPOINT WARNING * * *
You hold your ground!
The thrashing horror tramples you but does no damage. x3
Found a potion of might.
The chaos spawn gives a hideous shriek!
The thrashing horror tramples you but does no damage.
The thrashing horror tramples you.
* * * LOW HITPOINT WARNING * * *
You stumble backwards!
The thrashing horror is engulfed in blazing flames.
The thrashing horror is engulfed in blazing flames.
The thrashing horror barely misses you.
The thrashing horror completely misses you.
The thrashing horror misses you.
The thrashing horror tramples you but does no damage.
The thrashing horror tramples you.
* * * LOW HITPOINT WARNING * * *
You stumble backwards!
A neqoxec comes into view.
The thrashing horror is engulfed in blazing flames.
The thrashing horror misses you. x2
The thrashing horror tramples you but does no damage.
The thrashing horror tramples you!
* * * LOW HITPOINT WARNING * * *
You hold your ground!
You see here a potion of might.
The thrashing horror tramples you.
You die...

..#.## ## .. #.. ##
#.. #. ##...###..# .#
.. ####.. ..#.. # ...
.######.####.....#.#
.. .# .#.....4.....#.
#.#3#.!#........#....
#..##.#..##....#.#.#
#@XX#..##..#.#.# .
#.###X#.## . .#.##
... #.#... ....####.
#... # .#.###.## # .
...## .......# #.#
#### .. # # . .#
##### #. .#. #.#.X#


You could see 2 thrashing horrors, a large abomination (wandering) and a neqoxec
(wandering).

Vanquished Creatures
  Harold (D:8)
  A two-headed ogre (D:8)
  Pikel (D:5)
  5 gargoyles (D:8)
  Sigmund (D:4)
  Edmund (D:5)
  An orc warrior (D:8)
  2 sky beasts
  A necrophage (D:7)
  A centaur (D:5)
  3 ogres
  3 lemures (D:5)
  A phantom (D:6)
  A bullfrog (D:8)
  4 scorpions (D:7)
  A water moccasin skeleton (D:5)
  4 wights (D:8)
  A howler monkey (D:6)
  A centaur zombie (D:7)
  A bullfrog zombie (D:7)
  A quasit (Abyss:2)
  2 centaur skeletons
  A hound (D:5)
  4 jellies
  2 orc priests
  Crazy Yiuf (D:3)
  A bullfrog skeleton (D:5)
  A gnoll shaman (D:6)
  3 iguanas
  4 orc wizards
  4 gnolls (D:6)
  9 adders
  2 shadow imps (D:6)
  3 white imps
  3 worms
  A dart slug (D:4)
  16 orcs
  5 endoplasms
  5 giant cockroaches
  6 goblins
  9 hobgoblins
  3 jackals (D:5)
  2 quokkas
  5 ball pythons
  13 bats
  3 frilled lizards
  6 kobolds
  9 rats
159 creatures vanquished.

Vanquished Creatures (others)
  6 fungi (D:7)
6 creatures vanquished.

Grand Total: 165 creatures vanquished

Notes
Turn   | Place    | Note
-------+----------+-------------------------------------------
     0 | D:1      | hatdisgam the Demonspawn Ice Elementalist began the quest
                  | for the Orb.
     0 | D:1      | Reached XP level 1. HP: 13/13 MP: 3/3
   132 | D:1      | Found a faded altar of an unknown god.
   434 | D:1      | Gained mutation: Your demonic aura sometimes causes spilled
                  | blood to erupt in flames. [demonic ancestry]
   434 | D:1      | Reached XP level 2. HP: 15/19 MP: 1/5
  1268 | D:2      | Gained mutation: You regenerate magic rapidly. [demonic
                  | ancestry]
  1268 | D:2      | Reached XP level 3. HP: 21/24 MP: 4/6
  1360 | D:2      | Learned a level 3 spell: Frozen Ramparts
  1886 | D:3      | Learned a level 3 spell: Mephitic Cloud
  2105 | D:3      | Gained mutation: You have a pair of small horns on your
                  | head. [demonic ancestry]
  2105 | D:3      | Reached XP level 4. HP: 19/30 MP: 5/8
  2442 | D:3      | Reached skill level 1 in Fighting
  2442 | D:3      | Reached skill level 5 in Ice Magic
  2568 | D:3      | Reached XP level 5. HP: 33/37 MP: 9/9
  2618 | D:3      | Reached skill level 1 in Air Magic
  2781 | D:3      | Found a runed translucent door.
  2782 | D:3      | Noticed Crazy Yiuf
  2802 | D:3      | Killed Crazy Yiuf
  3065 | D:4      | Noticed an ogre
  3069 | D:4      | Killed an ogre
  3168 | D:4      | Noticed Sigmund
  3176 | D:4      | Killed Sigmund
  3177 | D:4      | Reached XP level 6. HP: 40/46 MP: 10/10
  3752 | D:4      | Reached XP level 7. HP: 26/51 MP: 11/11
  4078 | D:4      | Found a staircase to the Ecumenical Temple.
  4091 | Temple   | Entered the Ecumenical Temple
  4413 | Temple   | Became a worshipper of Makhleb the Destroyer
  4452 | D:5      | Entered Level 5 of the Dungeon
  4665 | D:5      | Noticed Pikel
  4771 | D:5      | Killed Pikel
  4772 | D:5      | Gained mutation: Your movements are slightly less
                  | encumbered by armour. (ER -2) [demonic ancestry]
  4772 | D:5      | Reached XP level 8. HP: 54/60 MP: 12/12
  5166 | D:5      | Noticed Edmund
  5173 | D:5      | Killed Edmund
  5462 | D:5      | Learned a level 4 spell: Sticky Flame
  5530 | D:5      | You fall into a shaft and drop 2 floors!
  5535 | D:7      | Reached * piety under Makhleb
  5595 | D:7      | Reached skill level 1 in Conjurations
  5595 | D:7      | Reached skill level 1 in Fire Magic
  5606 | D:7      | Reached skill level 5 in Fighting
  5774 | D:6      | Gained mutation: Your movements are less encumbered by
                  | armour. (ER -4) [demonic ancestry]
  5774 | D:6      | Reached XP level 9. HP: 15/68 MP: 11/13
  6079 | D:5      | Found Mec Rop's General Store.
  6889 | D:6      | Found Witel's Weapon Shoppe.
  6899 | D:6      | Bought a +1 vorpal war axe for 170 gold pieces
  7356 | D:7      | Reached skill level 1 in Axes
  8077 | D:8      | Noticed Harold
  8093 | D:8      | Killed Harold
  8603 | D:8      | Noticed a two-headed ogre
  8615 | D:8      | Killed a two-headed ogre
  8616 | D:8      | Reached skill level 5 in Conjurations
  8616 | D:8      | Reached skill level 5 in Fire Magic
  9131 | D:8      | Gained mutation: When hurt, damage is shared between your
                  | health and your magic reserves. [demonic ancestry]
  9131 | D:8      | Reached XP level 10. HP: 50/72 MP: 5/14
  9703 | D:8      | Identified the +1 leather armour of Atiruwn {rC+ rCorr
                  | Stlth+}
 10533 | D:8      | Noticed a gargoyle
 10534 | D:8      | Noticed a gargoyle
 10538 | D:8      | Killed a gargoyle
 10538 | D:8      | Killed a gargoyle
 10572 | D:8      | Noticed a gargoyle
 10577 | D:8      | Killed a gargoyle
 10657 | D:8      | Noticed a gargoyle
 10660 | D:8      | Killed a gargoyle
 10712 | D:8      | Noticed a gargoyle
 10719 | D:8      | Killed a gargoyle
 10972 | D:9      | Noticed Erolcha
 10978 | D:9      | Cast into level 2 of the Abyss (Erolcha)
 11038 | Abyss:2  | Noticed an eidolon
 11124 | Abyss:2  | Found an iron altar of Okawaru.
 11165 | Abyss:2  | Noticed a thrashing horror
 11165 | Abyss:2  | Noticed a thrashing horror
 11167 | Abyss:2  | Noticed a naga mage
 11174 | Abyss:2  | Noticed a rakshasa
 11197 | Abyss:2  | HP: 1/74 [thrashing horror (4)]
 11200 | Abyss:2  | Slain by a thrashing horror

Illustrated notes

Levels and vault maps discovered:
D:1:      minmay_arrival_hallway, layout_basic,
          hellmonk_ecumenical_altar_arch_garden, chequers_serial_rivers_micro_d
D:2:      layout_rooms
D:3:      layout_loops_ring, minivault_11, uniq_crazy_yiuf_cottage
D:4:      layout_basic, temple_hall, minmay_quadrilaterals, uniq_sigmund
D:5:      layout_basic, serial_shops, kennysheep_mini_moat, uniq_pikel,
          uniq_edmund
D:6:      layout_rooms, serial_shops, shop
D:7:      old_forge, layout_cave_pools
D:8:      cheibrodos_statue_roulette, layout_basic, uniq_harold
D:9:      layout_loops_cross, erik_lair_island, serial_shops, shop, uniq_erolcha
Temple:   compressed_dpeg_triangle_lava_temple
Abyss:2:  base: D:6, hangedman_summoners_spam, bh_abyss_exit_grid

Skill      XL: |  1  2  3  4  5  6  7  8  9 10 |
---------------+-------------------------------+-----
Ice Magic      | 4 5 6 7 |  7.7
Fighting       | 1 2 4 5 |  5.5
Air Magic      | 2 3 4 |  4.2
Dodging        | 3 |  3.6
Conjurations   | 2 6 7 |  7.5
Fire Magic     | 2 5 6 |  6.9
Axes           | 1 |  1.0
Stealth        | |  1.7
Spellcasting   | |  2.8

Action                   |  1- 3 |  4- 6 |  7- 9 | 10-12 || total
-------------------------+-------+-------+-------+-------++-------
Melee: Dagger            |   107 |    17 |       |       ||   124
       Unarmed           |     1 |       |       |       ||     1
       Headbutt          |       |     6 |    24 |     3 ||    33
       Quarterstaff      |       |    23 |    48 |       ||    71
       Dire flail        |       |       |    51 |       ||    51
       War axe           |       |       |    43 |    45 ||    88
 Cast: Freeze            |    31 |    18 |    33 |       ||    82
       Frozen Ramparts   |     2 |    12 |    24 |     3 ||    41
       Sticky Flame      |       |       |     4 |    16 ||    20
       Mephitic Cloud    |       |       |     1 |       ||     1
Evoke: Wand              |       |       |     3 |       ||     3
  Use: Potion            |       |       |     7 |     1 ||     8
       Scroll            |       |       |     9 |     2 ||    11
 Stab: Sleeping          |     3 |     4 |       |     2 ||     9
       Petrifying        |       |       |     1 |       ||     1
Armor: Robe              |    27 |     9 |    45 |     2 ||    83
       Leather armour    |       |       |       |    44 ||    44
Dodge: Dodged            |    86 |    36 |   126 |    72 ||   320

Table legend: (Time is in decaauts)
 A = Elapsed time spent in this place.
 B = Non-inter-level travel time spent in this place.
 C = Inter-level travel time spent in this place.
 D = Time resting spent in this place.
 E = Time spent auto-exploring this place.
 F = Levels seen in this place.
 G = Mean time per level.
                   A        B        C        D        E       F      G
               +--------+--------+--------+--------+--------+-----+--------+
         Total |  11279 |  10952 |    327 |   1747 |   7716 |  11 | 1025.4 |
       Dungeon |  10726 |  10406 |    320 |   1747 |   7314 |   9 | 1191.8 |
        Temple |    329 |    323 |      6 |      0 |    295 |   1 |  329.0 |
         Abyss |    223 |    223 |      0 |      0 |    107 |   1 |  223.0 |
               +--------+--------+--------+--------+--------+-----+--------+

Top non-repeatable levels by time:
     D:8: 2269 daAuts
     D:5: 1526 daAuts
     D:6: 1349 daAuts
     D:4: 1271 daAuts
     D:7: 1269 daAuts
     D:3: 1113 daAuts
     D:1: 1023 daAuts
     D:2: 855 daAuts
  Temple: 329 daAuts
 Abyss:2: 223 daAuts
     D:9: 48 daAuts
